 Dungeon Crawl Stone Soup version 0.20.1-1-g8b1a95d (webtiles) character file.

345 Irenicus the Geomancer (level 6, -1/49 HPs)
             Began as a Deep Dwarf Earth Elementalist on Oct 14, 2017.
             Slain by Frank's ghost (10 damage)
             ... on level 5 of the Dungeon.
             The game lasted 00:08:11 (2309 turns).

Irenicus the Geomancer (DDEE)                       Turns: 2309, Time: 00:08:11

Health: -1/49      AC:  3    Str: 11    XL:     6   Next: 32%
Magic:  1/9        EV: 12    Int: 16    God:
Gold:   145        SH:  0    Dex: 17    Spells: 3/9 levels left

rFire    . . .     SeeInvis .   l - +0 whip (freeze)
rCold    + . .     Gourm    .   (no shield)
rNeg     . . .     Faith    .   o - +0 leather armour {rC+}
rPois    .         Spirit   .   (no helmet)
rElec    .         Reflect  .   (no cloak)
rCorr    .         Harm     .   (no gloves)
MR       .....                  (no boots)
Stlth    +++.......             (no amulet)
Regen    0.0/turn               c - ring of stealth
MPRegen  0.2/turn               (no ring)

@: non-regenerating
A: damage resistance, heal wounds, fangs 1, agile 1, sense surroundings 1, no
regeneration
a: Heal Wounds


You were on level 5 of the Dungeon.
You were not hungry.

You visited 1 branch of the dungeon, and saw 5 of its levels.

You collected 145 gold pieces.

Inventory:

Hand Weapons
 l - a +0 whip of freezing (weapon)
Missiles
 b - 30 stones (quivered)
 p - 4 tomahawks
Armour
 o - a +0 leather armour of cold resistance (worn)
Jewellery
 c - a ring of stealth (left hand)
Wands
 n - a wand of lightning (4/15)
Scrolls
 a - 2 scrolls of teleportation {unknown}
 g - 8 scrolls of identify {unknown}
 j - 4 scrolls of remove curse {unknown}
Potions
 m - a potion of might {unknown}
Books
 e - a book of Geomancy

   Spells                             Type                      Level
   a - Sandblast                      Earth                        1
   b - Passwall                       Transmutation/Earth          2
   c - Stone Arrow                    Conjuration/Earth            3
   d - Petrify                        Transmutation/Earth          4
   e - Lee's Rapid Deconstruction     Earth                        5
Comestibles
 d - 5 bread rations
 f - 2 fruits
 h - 3 meat rations
 k - a royal jelly
 q - 2 chunks of flesh


   Skills:
 - Level 2.4 Dodging
 - Level 3.0 Stealth
 - Level 2.0 Spellcasting
 + Level 0.3 Conjurations
 + Level 0.8 Transmutations
 + Level 9.0 Earth Magic


You had 3 spell levels left.
You knew the following spells:

 Your Spells              Type           Power        Failure   Level  Hunger
a - Sandblast             Erth           ####..       1%          1    #......
b - Passwall              Tmut/Erth      ###.......   5%          2    ###....
c - Stone Arrow           Conj/Erth      ###...       12%         3    ###....


Dungeon Overview and Level Annotations

Branches:
Dungeon (5/15)
 Temple: D:4-7

Altars:
Okawaru

Annotations:
D:5 Frank's ghost, novice OpFi


Innate Abilities, Weirdness & Mutations

You are resistant to damage.
You can heal yourself by infusing magical energy.
You passively map a small area around you.
You do not regenerate.
You have very sharp teeth.
You are agile. (Dex +2)


Message History

Frank's ghost whispers, "They're coming for you..."
Casting: Sandblast
Confirm with . or Enter, or press ? or * to list all spells.
Aiming: Sandblast
Press: ? - help, Shift-Dir - straight line, f/p - Frank's ghost
Aim: Frank's ghost (heavily damaged)
The blast of sand hits Frank's ghost.
Frank's ghost is almost destroyed.
b - 30 stones Frank's ghost barely misses you.
You miss Frank's ghost.
Frank's ghost is almost destroyed.
Frank's ghost hits you!
* * * LOW HITPOINT WARNING * * *
It was a potion of mutation.
You feel extremely strange.
Your teeth lengthen and sharpen.
You feel agile. Frank's ghost hits you.
* * * LOW HITPOINT WARNING * * *
You fail to use your ability.
Frank's ghost hits you!
You die...

### ##########.#
#..........#
#.########.# #.# #.#
######'########.#
#@..............# ,
#W..............# ,
, #...............##
* ,
#................. *
, #...............##
,
...!.............<.
* ,
.##..........#...#..
.W,
#..........###.#..
., *#.(.........
..#..


You could see Frank's ghost.

Vanquished Creatures
  Grinder (D:4)
  Ijyb (D:3)
  5 adders (D:3)
  3 worms
  3 dart slugs
  A leopard gecko (D:1)
  6 orcs
  2 giant cockroaches (D:3)
  4 hobgoblins
  4 jackals
  2 kobolds
  3 quokkas
  4 ball pythons
  6 bats
  6 frilled lizards
  13 goblins
  3 rats
67 creatures vanquished.

Notes
Turn   | Place    | Note
-------+----------+-------------------------------------------
     0 | D:1      | Irenicus the Deep Dwarf Earth Elementalist began the quest for the Orb.
     0 | D:1      | Reached XP level 1. HP: 15/15 MP: 3/3
   173 | D:1      | Reached XP level 2. HP: 22/22 MP: 0/4
   258 | D:1      | Learned a level 2 spell: Passwall
   705 | D:2      | Found an iron altar of Okawaru.
   864 | D:2      | Reached skill level 5 in Earth Magic
   890 | D:2      | Reached XP level 3. HP: 28/28 MP: 0/6
  1339 | D:3      | Reached XP level 4. HP: 28/36 MP: 5/7
  1345 | D:3      | Reached skill level 6 in Earth Magic
  1430 | D:3      | Learned a level 3 spell: Stone Arrow
  1505 | D:3      | Noticed Ijyb
  1522 | D:3      | Killed Ijyb
  1906 | D:3      | Reached skill level 7 in Earth Magic
  1906 | D:3      | Reached XP level 5. HP: 27/42 MP: 5/8
  2257 | D:4      | Noticed Grinder
  2262 | D:4      | Killed Grinder
  2262 | D:4      | Reached skill level 9 in Earth Magic
  2262 | D:4      | Reached XP level 6. HP: 21/49 MP: 0/9
  2267 | D:5      | Entered Level 5 of the Dungeon
  2297 | D:5      | Noticed Frank's ghost (novice OpFi)
  2308 | D:5      | Gained mutation: You have very sharp teeth. [potion of mutation]
  2308 | D:5      | Gained mutation: You are agile. (Dex +2) [potion of mutation]
  2309 | D:5      | Slain by Frank's ghost

Skill      XL: |  1  2  3  4  5 |
---------------+----------------+-----
Spellcasting   | 2 |  2.0
Earth Magic    | 5 7 9 |  9.0
Stealth        | 3 |  3.0
Dodging        | |  2.4
Conjurations   | |  0.3
Transmutations | |  0.8

Action                   |  1- 3 |  4- 6 || total
-------------------------+-------+-------++-------
Melee: Whip              |     7 |     2 ||     9
Throw: Tomahawk          |       |     2 ||     2
       Stone             |       |     1 ||     1
 Cast: Sandblast         |    56 |    43 ||    99
       Stone Arrow       |       |     1 ||     1
       Passwall          |       |     1 ||     1
  Use: Potion            |       |     1 ||     1
  Eat: Chunk             |     2 |     4 ||     6
Armor: Robe              |     7 |       ||     7
Dodge: Dodged            |    17 |    11 ||    28
